 Dungeon Crawl Stone Soup version 0.19-a0-1899-g2d93087 (webtiles) character file.

640533 vev the Cloud Mage (level 27, -4/169 HPs)
             Began as a Tengu Abyssal Knight on Oct 17, 2016.
             Was the Champion of Lugonu.
             Slain by a great orb of eyes (5 damage)
             ... summoned by Mnoleg
             ... while paralysed by a floating eye
             ... in Pandemonium on Oct 19, 2016.
             The game lasted 11:07:04 (53135 turns).

vev the Cloud Mage (Tengu Abyssal Knight)          Turns: 53135, Time: 11:07:05

Health: -4/169     AC: 31    Str: 29    XL:     27
Magic:  24/35      EV: -1    Int: 32    God:    Lugonu [******]
Gold:   4886       SH:  0    Dex: 34    Spells: 11 memorised, 8 levels left

rFire  . . .     SeeInvis +     W - +6 sword of Cerebov {flame}
rCold  + . .     Gourm    +     A - +7 faerie dragon scales {*Contam Str+5 Dex+7}
rNeg   + + .     Faith    .     (shield currently unavailable)
rPois  +         Spirit   .     F - +2 hat {SInv}
rElec  +         Reflect  .     k - +2 cloak {rPois}
rCorr  .         Harm     .     o - +1 pair of gloves of the Shore {*Drain Int+7}
MR     ++...                    (boots unavailable)
Stlth  ++++......               X - amulet of Leinoxzo {Gourm rElec Str-2 Int+10 SInv}
                                D - ring "Nymakima" {*Drain rC+ rN+ Str+3 Dex+3}
                                N - ring "Vyiv" {+Fly rN+ Str+4 Dex+6}

@: paralysed, flying quickly and evasively, very slightly contaminated,
regenerating, hasted (expiring), constricted, studying Necromancy, deflect
missiles, quick
A: beak, talons 3, icy blue scales 1, iridescent scales 1, yellow scales 1, low
mp 1, MP-powered wands, able to fly 2
a: Stop Flying, Depart the Abyss, Bend Space, Banish, Corrupt, Enter the Abyss,
Renounce Religion
}: 3/15 runes: decaying, fiery, gossamer


You were in Pandemonium.
You worshipped Lugonu.
Lugonu was exalted by your worship.
You were not hungry.

You visited 9 branches of the dungeon, and saw 46 of its levels.
You visited Pandemonium 1 time, and saw 17 of its levels.
You visited the Abyss 3 times.
You visited 2 bazaars.
You visited 1 ziggurat, and saw 13 of its levels.
You also visited: Labyrinth, Trove, Ice Cave, Volcano and Wizlab.

You collected 7472 gold pieces.
You spent 2586 gold pieces at shops.

Inventory:

Hand Weapons
 a - a +9 demon blade of flaming
 b - the +9 sword of Zonguldrok {reap}
   (You found it in a wizard's laboratory)

   If a monster killed with it leaves a corpse in good enough shape, the corpse
   will be animated as a zombie friendly to the killer.
 w - a +9 quick blade of distortion
 W - the +6 sword of Cerebov (weapon) {flame}
   (You found it in Pandemonium)

   It has been specially enchanted to burn those struck by it, causing extra
   injury to most foes and up to half again as much damage against particularly
   susceptible opponents.
   Big, fiery blades are also staple armaments of hydra-hunters.
Missiles
 y - 2 throwing nets (quivered)
Armour
 f - +6 fire dragon scales
 g - a +1 shield of cold resistance
 k - a +2 cloak of poison resistance (worn)
 o - the +1 pair of gloves of the Shore (worn) {*Drain Int+7}
   (You acquired it in Pandemonium)

   It affects your intelligence (+7).
   It causes draining when unequipped.
 A - the +7 faerie dragon scales (worn) {*Contam Str+5 Dex+7}
   (You took it off the Enchantress on level 3 of the Depths)

   It affects your strength (+5).
   It affects your dexterity (+7).
   It causes magical contamination when unequipped.
 F - a +2 hat of see invisible (worn)
 L - a +2 buckler of fire resistance
Jewellery
 D - the ring "Nymakima" (right hand) {*Drain rC+ rN+ Str+3 Dex+3}
   (You took it off a death knight on level 3 of the Crypt)

   [ring of positive energy]

   It affects your strength (+3).
   It affects your dexterity (+3).
   It protects you from cold.
   It protects you from negative energy.
   It causes draining when unequipped.
 N - the ring "Vyiv" (left hand) {+Fly rN+ Str+4 Dex+6}
   (You took it off a skeletal warrior on level 3 of the Crypt)

   [ring of positive energy]

   It affects your strength (+4).
   It affects your dexterity (+6).
   It protects you from negative energy.
   It lets you fly.
 X - the amulet of Leinoxzo (around neck) {Gourm rElec Str-2 Int+10 SInv}
   (You took it off a deep elf demonologist on level 4 of the Depths)

   [amulet of the gourmand]

   It allows you to eat raw meat even when not hungry.
   It affects your strength (-2).
   It affects your intelligence (+10).
   It insulates you from electricity.
   It lets you see invisible.
Wands
 n - a wand of teleportation (7/9)
 x - a wand of hasting (3/9)
 S - a wand of heal wounds (1/9)
 U - a wand of digging (6/24)
Scrolls
 h - 2 scrolls of enchant weapon
 m - 5 scrolls of recharging
 q - 25 scrolls of remove curse
 s - a scroll of summoning
 u - 11 scrolls of identify
 v - 11 scrolls of fear
 B - 7 scrolls of teleportation
 O - 3 scrolls of fog
 Q - 4 scrolls of vulnerability
 R - 5 scrolls of magic mapping
 T - 9 scrolls of blinking
 V - a scroll of holy word
 Z - 3 scrolls of silence
Potions
 c - 2 potions of invisibility
 d - 3 potions of resistance
 e - 3 potions of cancellation
 i - 9 potions of heal wounds
 p - 7 potions of haste
 r - 2 potions of ambrosia
 z - 3 potions of might
 H - 5 potions of berserk rage
 J - 2 potions of agility
 K - 7 potions of magic
 M - a potion of brilliance
 P - 7 potions of cure mutation
 Y - 25 potions of curing
Books
 C - a manual of Necromancy
 I - a Necronomicon

   Spells                             Type                      Level
   a - Haunt                          Necromancy/Summoning         7
   b - Borgnjor's Revivification      Necromancy                   8
   c - Death's Door                   Charms/Necromancy            8
   d - Infestation                    Necromancy                   8
   e - Necromutation                  Transmutation/Necromancy     8
Miscellaneous
 j - a fan of gales (inert)
 t - a phial of floods (inert)
Comestibles
 l - 22 meat rations
 G - 25 bread rations


   Skills:
 - Level 16.4 Fighting
 + Level 17.6 Long Blades
   Level 10.3 Slings
 - Level 15.0 Armour
 - Level 20.5 Dodging
 - Level 7.0 Stealth
 - Level 15.0 Shields
 - Level 2.7 Unarmed Combat
 - Level 11.1 Spellcasting
 - Level 2.9 Hexes
 - Level 7.3 Charms
 - Level 10.2 Necromancy
 - Level 6.3 Translocations
 - Level 25.7 Air Magic
 - Level 12.9 Invocations
 - Level 8.2 Evocations


You had 8 spell levels left.
You knew the following spells:

 Your Spells              Type           Power        Failure   Level  Hunger
a - Airstrike             Air            ########..   0%          4    None
e - Lesser Beckoning      Tloc           ######....   1%          3    None
i - Summon Butterflies    Summ           ###.....     3%          1    None
l - Passage of Golubria   Tloc           N/A          1%          4    None
m - Deflect Missiles      Chrm/Air       #######...   1%          6    ####...
p - Passwall              Tmut/Erth      ###.......   6%          2    None
r - Regeneration          Chrm/Necr      ######....   1%          3    None
t - Sublimation of Blood  Necr           ######....   1%          2    None
w - Tornado               Air            ########..   12%         9    #######
x - Silence               Hex/Air        #######...   1%          5    ##.....
z - Apportation           Tloc           ######....   1%          1    None


Dungeon Overview and Level Annotations

Branches:
Dungeon (15/15)            Temple (0/1) D:5            Lair (6/6) D:8
  Swamp (4/4) Lair:2       Spider (4/4) Lair:2        Slime (0/5) Lair:5
    Orc (2/2) D:11            Elf (3/3) Orc:2        Vaults (4/5) D:14
  Crypt (3/3) Vaults:2       Tomb (0/3) Crypt:3      Depths (5/5) D:15
    Zot (0/5) Depths:5

Altars:
Cheibriados
Dithmenos
Gozag
Makhleb
Nemelex Xobeh
Ru
Sif Muna
Trog
Vehumet
Xom
Yredelemnul
Zin
The Shining One
Beogh

Shops:
D:9 *   Orc:1 ?   Orc:2 (!([   Elf:1 (

Portals:
Hell: Depths:1 Depths:2 Depths:3 Depths:4 Depths:5
Abyss: Depths:2 Depths:4
Pandemonium: Depths:3

Annotations:
D:3 Grinder
D:5 vev's ghost, amateur TeAK
D:7 Joseph
Lair:6 Rupert
Elf:2 2 runed doors
Elf:3 corrupted
Crypt:1 Mara
Depths:1 Asterion
Pan Mnoleg


Innate Abilities, Weirdness & Mutations

You have a beak for a mouth.
You have claws for feet.
You can fly continuously.
You are partially covered in icy blue scales. (AC +2)
You are partially covered in iridescent scales. (AC +2)
You are partially covered in yellow scales. (AC +2)
Your magical capacity is low. (-10% MP)
You expend magic power (3 MP) to strengthen your wands.


Message History

The tentacled monstrosity constricts you.
The great orb of eyes bites you but does no damage.
The tentacled monstrosity tentacle-slaps you!
* * * LOW HITPOINT WARNING * * *
The tentacled monstrosity tentacle-slaps you.
* * * LOW HITPOINT WARNING * * *
The tentacled monstrosity tentacle-slaps you.
* * * LOW HITPOINT WARNING * * *
x2 The tentacled monstrosity constricts you.
The floating eye gazes piercingly through you!
You shrug off the repeated paralysis!
The tentacled monstrosity tentacle-slaps you.
* * * LOW HITPOINT WARNING * * *
The tentacled monstrosity tentacle-slaps you!
* * * LOW HITPOINT WARNING * * *
The tentacled monstrosity tentacle-slaps you!
* * * LOW HITPOINT WARNING * * *
The tentacled monstrosity constricts you.
The great orb of eyes bites you.
You die...

,*#)..###≈≈##...## ######
**** ,....**##≈.###...##
****,,,
,...**##≈...###...##
*,*,,,,
*##**##.≈..X.###...##
*,,,,,, ,,**
#...##...###...## *,,,,,,
,,,**#...###..X###...##
*,,,,,,
*,,,*##...*##.2X###...##
*,*,,,,
**,,,*##...*##XXG###...##
****,,,
***,,,*##...*##G@.###...##
**,,
,***,,,**....*##...##....##
***
,,***,,,,.....*##.).......#
,,* **,,,.....# ##........#
*** ********** ##########


You could see a tentacled monstrosity, a cacodemon, a great orb of eyes, 4 large
abominations and a floating eye.

Vanquished Creatures
  7 pandemonium lords
  An ancient lich (WizLab)
  3 juggernauts (Zig:6)
  2 greater mummies
  Boris (Depths:2)
  Sojobo (Depths:2)
  Bai Suzhen (Crypt:1)
  Saint Roka (Crypt:1)
  Frederick (Crypt:1)
  A Killer Klown (Zig:13)
  Jory (Depths:5)
  4 golden dragons
  the Enchantress (Depths:3)
  Arachne (Spider:3)
  A profane servitor (Crypt:3)
  Jorgrun (Spider:2)
  2 bone dragons
  2 Tzitzimimeh (Pan)
  A Brimstone Fiend (Pan)
  2 Ice Fiends (Pan)
  4 liches
  A Hell Sentinel (Pan)
  6 tentacled monstrosities
  A shard shrike skeleton (Crypt:1)
  3 quicksilver dragons
  5 Executioners (Pan)
  4 ancient champions
  3 sphinxes
  3 thorn hunters
  Gastronok (D:8)
  5 storm dragons
  7 tengu reavers
  2 revenants
  8 shadow dragons
  An azure jelly (shapeshifter) (Zig:13)
  A nagaraja (Zig:5)
  8 fire giants
  2 deep elf sorcerers
  2 draconian knights
  10 frost giants
  7 vault wardens
  13 balrugs
  2 iron dragons
  3 ghost moths (Spider:4)
  11 cacodemons (Pan)
  3 emperor scorpions (Spider:4)
  2 draconian scorchers
  A draconian shifter (Zig:12)
  13 ghouls
  2 draconian annihilators
  An angel (D:14)
  31 very ugly things
  A draconian caller (Zig:12)
  5 reapers
  8 spriggan defenders
  2 entropy weavers (Spider:2)
  8 ironheart preservers
  6 vampire knights
  A corrupter (Pan)
  3 black draconians (Zig:12)
  15 stone giants
  5 blood saints (Pan)
  3 deep elf demonologists
  2 mottled draconians (Zig:12)
  A spark wasp (shapeshifter) (Zig:7)
  4 deep elf annihilators
  2 green draconians
  5 red draconians
  A caustic shrike skeleton (Crypt:2)
  5 lorocyprocas (Pan)
  3 black suns (Pan)
  10 spark wasps
  12 ettins
  A merfolk javelineer (Zig:1)
  3 deep elf death magi
  12 eidola
  The ghost of tsouns the Basher, a journeyman OgWz of Gozag (D:11)
  7 statues (Depths:2)
  Snorg (Orc:2)
  11 jiangshi
  4 green deaths (Pan)
  7 blizzard demons (Pan)
  5 mummy priests
  19 fire dragons
  A merfolk impaler (Depths:1)
  A deep elf high priest (Elf:1)
  A minotaur (Lab)
  12 yaktaur captains
  7 great orbs of eyes
  Fannar (Orc:1)
  4 monstrous demonspawn (Pan)
  5 rakshasas
  4 vault guards
  20 hydras
  Erolcha (D:11)
  A catoblepas (D:13)
  5 spriggan air magi
  11 ice dragons
  2 alligators
  2 ghost crabs (Swamp:3)
  Erica (D:8)
  2 hell beasts (Pan)
  9 centaur warriors
  8 death knights
  13 ogre magi
  13 dancing weapons
  8 vampire magi
  A titan zombie (Crypt:3)
  8 deep troll shamans
  5 tengu warriors
  9 deep troll earth magi
  3 hell hogs (Pan)
  A thrashing horror (Abyss:1)
  A naga sharpshooter (Zig:5)
  5 soul eaters
  A shock serpent (Zig:5)
  7 spriggan berserkers
  4 orc high priests (Orc:2)
  A shock serpent (shapeshifter) (Depths:4)
  36 sun demons
  6 hell knights
  8 spriggans
  8 deep elf knights
  9 large abominations
  A spark wasp zombie (Depths:4)
  A hellephant skeleton (Crypt:2)
  14 sixfirhies (Pan)
  2 iron trolls (Depths:4)
  6 shadow wraiths
  34 skeletal warriors
  2 golden dragon zombies (Crypt:3)
  5 torturous demonspawn (Pan)
  A death drake (Zig:11)
  4 spriggan druids (Swamp:4)
  An unseen horror (D:13)
  4 gelid demonspawn (Pan)
  An anaconda zombie (Crypt:3)
  9 hill giants
  10 flayed ghosts
  23 deep trolls
  9 swamp dragons
  A golden dragon skeleton (Zig:8)
  9 ironbrand convokers
  12 deep elf archers
  8 wizards
  16 phantasmal warriors
  2 shambling mangroves (Swamp:4)
  4 infernal demonspawn (Pan)
  15 orc knights
  9 necromancers
  3 glowing orange brains
  An iron giant skeleton (Crypt:2)
  A naga ritualist (Zig:5)
  A harpy (shapeshifter) (Vaults:3)
  6 shadow demons (Pan)
  54 deep elf magi
  A wolf spider zombie (D:14)
  Pikel (D:6)
  A lindwurm (shapeshifter) (Vaults:4)
  2 shadow dragon zombies
  A mana viper (shapeshifter) (Vaults:3)
  An obsidian statue (Zig:7)
  25 orb spiders
  4 cyclopes
  9 orc sorcerers
  2 manticores
  A frost giant zombie (Crypt:3)
  27 wolf spiders
  40 ugly things
  3 stone giant zombies
  A dire elephant zombie (Crypt:3)
  A fire giant skeleton (Zig:8)
  A hell hog skeleton (Crypt:2)
  2 frost giant skeletons
  9 black mambas
  A stone giant skeleton (Zig:8)
  3 rust devils (Pan)
  2 apocalypse crabs (Zig:7)
  9 elephants (Lair:4)
  2 naga magi (Zig:5)
  A gargoyle (Volcano)
  2 guardian serpents (shapeshifter)
  10 vault sentinels
  Maurice (Orc:2)
  A spriggan zombie (Depths:4)
  2 torpor snails
  10 smoke demons (Pan)
  21 spiny frogs
  A centaur zombie (D:13)
  Psyche (D:10)
  A molten gargoyle (Volcano)
  2 spiny frogs (shapeshifter)
  5 spectral swamp worms (Depths:3)
  4 rime drakes
  42 yaktaurs
  12 orange demons (Pan)
  4 hellions (Pan)
  A human zombie (Vaults:3)
  9 freezing wraiths
  3 efreet
  A yaktaur zombie (Vaults:3)
  8 komodo dragons
  2 komodo dragons (shapeshifter)
  An emperor scorpion zombie (Crypt:3)
  19 demonic crawlers
  A red draconian skeleton (Crypt:1)
  2 human skeletons
  2 tengu conjurers
  3 tormentors (Pan)
  8 hellwings (Pan)
  6 guardian mummies
  8 red devils (Pan)
  2 ice devils (Pan)
  A white draconian skeleton (Abyss:3)
  A merfolk (shapeshifter) (Elf:3)
  11 trolls
  5 tyrant leeches
  A hydra zombie (Crypt:3)
  A wind drake (shapeshifter) (Zig:13)
  A wind drake (Zig:11)
  2 polar bears
  16 two-headed ogres
  A troll (shapeshifter) (D:15)
  A wolf spider simulacrum (Crypt:2)
  A jumping spider (shapeshifter) (Vaults:2)
  20 hornets
  44 jumping spiders
  A polar bear (shapeshifter) (Depths:3)
  A fire dragon zombie (Crypt:3)
  8 blink frogs
  5 dream sheep (Lair:1)
  2 blink frogs (shapeshifter)
  A fire giant simulacrum (Crypt:2)
  11 bog bodies
  An ice dragon zombie (Crypt:2)
  A centaur simulacrum (D:15)
  35 slime creatures
  A dream sheep (shapeshifter) (Depths:3)
  9 hippogriffs
  2 ettin zombies
  2 frost giant simulacra
  17 flying skulls
  95 redbacks
  7 shadows
  35 yaks
  49 tarantellas
  2 hill giant zombies (WizLab)
  5 vampires
  15 ynoxinuls
  2 spriggans (shapeshifter)
  8 air elementals
  8 wyverns
  21 water elementals
  11 wraiths
  2 tarantellas (shapeshifter) (D:15)
  An ushabti (Crypt:3)
  31 vampire mosquitoes
  13 neqoxecs
  3 fire elementals
  16 fire bats
  7 basilisks
  21 humans (D:14)
  3 hungry ghosts
  6 chaos spawn
  2 steam dragons
  2 mottled dragons
  11 wargs
  21 insubstantial wisps
  A monstrous demonspawn zombie (Crypt:2)
  19 swamp worms
  A spiny frog zombie (Crypt:3)
  13 water moccasins
  A floating eye (Depths:3)
  6 porcupines
  A swamp drake (shapeshifter) (Depths:1)
  12 swamp drakes
  2 slaves
  6 ice beasts
  4 phantoms
  A sky beast (D:8)
  2 black bears (D:11)
  36 orc warriors
  A swamp dragon zombie (Crypt:1)
  2 black bears (shapeshifter)
  38 ogres
  12 necrophages (Crypt:3)
  An eye of draining (shapeshifter) (Vaults:4)
  10 boggarts
  6 crocodiles
  14 wolves
  27 centaurs
  A big kobold (D:11)
  An elf zombie (Crypt:3)
  A komodo dragon zombie (Crypt:2)
  Blork the orc (D:6)
  A hippogriff skeleton (Crypt:1)
  23 bullfrogs
  A wyvern zombie (Crypt:1)
  8 wyvern skeletons
  3 earth elementals (Elf:1)
  2 scorpions
  2 water moccasin skeletons
  9 troll zombies (WizLab)
  A snapping turtle simulacrum (Crypt:2)
  12 killer bees
  5 howler monkeys
  10 wights
  2 electric eels
  7 lava snakes (Volcano)
  7 crimson imps
  10 jellies
  A quasit (D:11)
  20 orc priests
  2 bullfrog skeletons
  6 hounds
  18 orc wizards
  2 iguanas
  4 centaur skeletons
  5 worker ants
  6 ogre zombies (WizLab)
  A tengu zombie (Crypt:3)
  A howler monkey zombie (D:10)
  6 mummies (Zig:8)
  5 gnolls
  12 adders
  4 shadow imps
  9 oozes (Lair:2)
  2 adder skeletons
  A worm (D:6)
  A worm (shapeshifter) (D:15)
  7 leopard geckos
  95 orcs
  2 bats
  3 giant cockroaches
  6 goblins
  8 hobgoblins
  5 jackals
  8 kobolds
  6 quokkas
  A ball python (D:2)
  4 frilled lizards
  A leopard gecko skeleton (D:4)
  An orc zombie (Crypt:3)
  A quokka skeleton (D:9)
  2 quokka zombies
  6 rats
  A plant (Lair:6)
2419 creatures vanquished.

Vanquished Creatures (collateral kills)
  A Killer Klown (Zig:13)
  A golden dragon (Depths:4)
  A quicksilver dragon (Depths:4)
  A fire giant (Depths:3)
  A frost giant (Depths:3)
  5 very ugly things
  A deep elf annihilator (Depths:2)
  A spark wasp (Depths:4)
  A deep elf death mage (Depths:4)
  2 centaur warriors
  A hell knight (Depths:5)
  A deep troll (Depths:4)
  A glowing orange brain (Depths:3)
  2 orb spiders (Zig:10)
  3 ugly things
  A black mamba (shapeshifter) (Vaults:1)
  2 yaktaurs
  A hornet (Depths:4)
  A slime creature (Depths:3)
  A shadow (D:15)
  A water elemental (Depths:5)
  A large abomination (Pan)
  A mottled dragon (shapeshifter) (Depths:3)
32 creatures vanquished.

Vanquished Creatures (others)
  Cerebov (Pan)
  A juggernaut (Depths:4)
  A Killer Klown (Zig:13)
  3 pandemonium lords (Zig:13)
  A Brimstone Fiend (Pan)
  2 deep elf blademasters (Elf:3)
  2 deep elf master archers (Elf:3)
  A titan (Depths:4)
  A tengu reaver (Depths:2)
  3 storm dragons
  The ghost of Amnesiac the Black Belt, an adept DsWn of Cheibriados (Elf:3)
  2 fire giants
  6 deep elf sorcerers (Elf:3)
  2 warmongers (Pan)
  2 balrugs (Pan)
  A draconian scorcher (Zig:12)
  7 deep elf elementalists (Elf:3)
  A very ugly thing (Zig:13)
  3 entropy weavers
  4 deep elf demonologists (Elf:3)
  2 corrupters (Pan)
  7 deep elf annihilators (Elf:3)
  A yellow draconian (Zig:12)
  A red draconian (Volcano)
  3 deep elf death magi (Elf:3)
  A yaktaur captain (Depths:3)
  2 deep elf high priests (Elf:3)
  A ghost crab (Swamp:4)
  A hydra (Swamp:4)
  A spriggan air mage (Depths:2)
  A death knight (Vaults:4)
  A dancing weapon (Elf:3)
  3 deep elf knights
  A sun demon (Pan)
  A storm dragon zombie (Depths:4)
  2 shadow wraiths
  A deep troll (Vaults:2)
  3 deep elf archers
  4 deep elf magi
  An ugly thing (IceCv)
  A cyclops (D:15)
  An apocalypse crab (Zig:13)
  An orange demon (Pan)
  A torpor snail (Spider:2)
  A hellion (Pan)
  8 yaktaurs
  A rime drake (Lair:1)
  A komodo dragon (D:8)
  3 demonic crawlers
  2 jumping spiders
  A hornet (Depths:4)
  2 redbacks (Spider:2)
  A spriggan (D:8)
  A fire elemental (Elf:3)
  A neqoxec (Pan)
  A mottled dragon (Zig:11)
  A slave (D:7)
  An ogre (Vaults:3)
  A centaur (D:15)
  An orc wizard (Orc:2)
  3 briar patches (Swamp:4)
  14 fire vortices (Pan)
  11 fungi
  25 plants
  29 starspawn tentacles
  11 withered plants (Crypt:3)
207 creatures vanquished.

Grand Total: 2658 creatures vanquished

Notes
Turn   | Place    | Note
-------+----------+-------------------------------------------
     0 | Abyss:1  | vev the Tengu Abyssal Knight began the quest for the Orb.
     0 | Abyss:1  | Reached XP level 1. HP: 14/14 MP: 3/3
    36 | Abyss:1  | Noticed a small abomination
    38 | Abyss:1  | Noticed a chaos spawn
    99 | Abyss:2  | Noticed a starcursed mass
   104 | D:1      | Escaped the Abyss
   400 | D:2      | Found a glowing silver altar of Zin.
   419 | D:2      | Reached XP level 2. HP: 6/19 MP: 4/4
   462 | D:2      | Found a faded altar of an unknown god.
   587 | D:2      | Reached * piety under Lugonu
   814 | D:1      | Reached skill level 1 in Stealth
   908 | D:2      | Reached skill level 2 in Invocations
   908 | D:2      | Reached XP level 3. HP: 15/23 MP: 5/5
  1012 | D:2      | Reached skill level 2 in Dodging
  1117 | D:2      | Found a bloodstained altar of Trog.
  1248 | D:3      | Reached XP level 4. HP: 23/28 MP: 6/6
  1306 | D:3      | Found a shadowy altar of Dithmenos.
  1321 | D:3      | Noticed Grinder
  1451 | D:4      | Reached skill level 1 in Slings
  1451 | D:4      | Reached skill level 2 in Stealth
  1451 | D:4      | Gained mutation: You can fly. [Tengu growth]
  1451 | D:4      | Reached XP level 5. HP: 16/32 MP: 7/7
  1632 | D:4      | Gained mutation: You are robust. (+10% HP) [potion of mutation]
  1632 | D:4      | Gained mutation: You can translocate small distances at will. [potion of mutation]
  1688 | D:4      | Reached ** piety under Lugonu
  1688 | D:4      | Reached skill level 2 in Slings
  1972 | D:5      | Entered Level 5 of the Dungeon
  1976 | D:5      | Noticed vev's ghost (amateur TeAK)
  1990 | D:4      | Reached XP level 6. HP: 40/40 MP: 8/8
  2078 | D:4      | Reached skill level 3 in Dodging
  2176 | D:5      | Found a sacrificial altar of Ru.
  2229 | D:5      | Reached skill level 4 in Fighting
  2229 | D:5      | Reached skill level 3 in Slings
  2311 | D:5      | Found a glowing golden altar of the Shining One.
  2322 | D:5      | Reached skill level 3 in Armour
  2322 | D:5      | Reached XP level 7. HP: 47/47 MP: 10/10
  2363 | D:5      | Found a staircase to the Ecumenical Temple.
  2491 | D:6      | Got a crude leather armour
  2522 | D:5      | Identified the +3 leather armour of the Beekeeper {+Blink rElec rPois Int-3} (You found it on level 6 of the Dungeon)
  2586 | D:6      | Found a shimmering altar of Xom.
  2586 | D:6      | Found a shimmering altar of Xom.
  2587 | D:6      | Found a shimmering altar of Xom.
  2590 | D:6      | Noticed Blork the orc
  2607 | D:6      | Killed Blork the orc
  2607 | D:6      | Reached skill level 3 in Invocations
  2801 | D:6      | Noticed Pikel
  3191 | D:6      | Reached skill level 3 in Stealth
  3279 | D:7      | Reached skill level 4 in Slings
  3332 | D:7      | Reached skill level 4 in Dodging
  3332 | D:7      | Reached XP level 8. HP: 50/52 MP: 11/11
  3554 | D:6      | Killed Pikel
  3554 | D:6      | Reached skill level 5 in Fighting
  3554 | D:6      | Reached skill level 5 in Slings
  3554 | D:6      | Reached skill level 4 in Stealth
  3554 | D:6      | Reached skill level 4 in Invocations
  3887 | D:6      | Reached skill level 5 in Dodging
  3975 | D:6      | Reached *** piety under Lugonu
  3975 | D:6      | Reached XP level 9. HP: 58/59 MP: 13/13
  4033 | D:6      | Reached skill level 6 in Slings
  4373 | D:7      | Learned a level 2 spell: Repel Missiles
  4387 | D:7      | Learned a level 2 spell: Swiftness
  4391 | D:7      | Found a deep blue altar of Sif Muna.
  4529 | D:7      | Reached skill level 1 in Air Magic
  4764 | D:8      | Noticed Erica
  4925 | D:8      | the spriggan baker is devoured by a tear in reality.
  4925 | D:8      | Reached skill level 2 in Air Magic
  4990 | D:7      | Noticed Joseph
  5042 | D:8      | Found a staircase to the Lair.
  5043 | D:8      | Noticed a komodo dragon
  5073 | D:8      | the komodo dragon is devoured by a tear in reality.
  5073 | D:8      | Banished a komodo dragon
  5256 | D:8      | Reached skill level 6 in Fighting
  5256 | D:8      | Reached skill level 3 in Air Magic
  5268 | D:8      | Reached skill level 6 in Dodging
  5274 | D:8      | Reached skill level 7 in Slings
  5274 | D:8      | Reached skill level 5 in Invocations
  5381 | D:8      | Found a sacrificial altar of Ru.
  5405 | D:8      | Noticed Gastronok
  5445 | D:8      | Killed Gastronok
  5445 | D:8      | Reached skill level 8 in Slings
  5445 | D:8      | Reached skill level 5 in Air Magic
  5445 | D:8      | Reached XP level 10. HP: 53/67 MP: 13/15
  5790 | D:8      | Reached **** piety under Lugonu
  6108 | D:9      | Noticed a hill giant
  6161 | D:8      | Killed a hill giant
  6161 | D:8      | Reached skill level 7 in Fighting
  6161 | D:8      | Reached skill level 7 in Dodging
  6257 | D:8      | Reached skill level 6 in Invocations
  6396 | D:9      | Reached skill level 9 in Slings
  6396 | D:9      | Reached skill level 6 in Air Magic
  6442 | D:9      | Found an opulent altar of Gozag.
  6646 | Lair:1   | Entered Level 1 of the Lair of Beasts
  6692 | Lair:1   | Noticed a black mamba
  6730 | Lair:1   | Found a frozen archway.
  6753 | Lair:1   | the rime drake is devoured by a tear in reality.
  6753 | Lair:1   | Reached XP level 11. HP: 40/73 MP: 14/16
  6821 | IceCv    | Entered an ice cave
  6821 | IceCv    | Noticed a white ugly thing
  6823 | IceCv    | the white ugly thing is devoured by a tear in reality.
  6823 | IceCv    | Banished a white ugly thing
  7013 | Lair:1   | Found a dark tunnel.
  7032 | Volcano  | Entered a volcano
  7503 | Volcano  | Reached skill level 8 in Dodging
  7673 | Volcano  | Found a radiant altar of Vehumet.
  7673 | Volcano  | Noticed a centaur warrior
  7695 | Volcano  | Killed a centaur warrior
  7695 | Volcano  | Reached skill level 10 in Slings
  7909 | Volcano  | Reached skill level 7 in Invocations
  7930 | Volcano  | Noticed a red draconian
  7973 | Volcano  | Reached skill level 8 in Fighting
  8036 | Volcano  | the red draconian is devoured by a tear in reality.
  8036 | Volcano  | Banished a red draconian
  8157 | Lair:1   | Reached skill level 2 in Long Blades
  8294 | Lair:1   | Reached skill level 3 in Long Blades
  8499 | Lair:1   | Reached skill level 4 in Long Blades
  8695 | Lair:2   | Reached skill level 5 in Long Blades
  8945 | Lair:1   | Reached XP level 12. HP: 80/80 MP: 15/18
  8974 | Lair:1   | Reached skill level 6 in Long Blades
  9193 | Lair:2   | Found a hole to the Spider Nest.
  9228 | Lair:2   | Reached skill level 7 in Long Blades
  9394 | Lair:2   | Reached skill level 8 in Long Blades
  9647 | Lair:2   | Found a staircase to the Swamp.
  9732 | Lair:2   | Reached skill level 9 in Long Blades
 10223 | Lair:3   | Reached skill level 10 in Long Blades
 10234 | Lair:3   | Reached ***** piety under Lugonu
 10677 | Lair:4   | Reached skill level 11 in Long Blades
 10992 | Lair:4   | Reached skill level 12 in Long Blades
 11019 | Lair:4   | Reached XP level 13. HP: 33/85 MP: 19/19
 11603 | Lair:5   | Reached skill level 13 in Long Blades
 11683 | Lair:6   | Entered Level 6 of the Lair of Beasts
 11752 | Lair:6   | Noticed Rupert
 11817 | Lair:5   | Found a staircase to the Slime Pits.
 12893 | Lair:6   | Reached skill level 8 in Invocations
 13131 | Lair:5   | Reached skill level 9 in Invocations
 13790 | Lair:3   | Reached skill level 14 in Long Blades
 14149 | D:8      | Killed Erica
 14396 | D:9      | Reached skill level 9 in Dodging
 14451 | D:9      | Found Odwuf's General Store.
 14459 | D:9      | Bought a +2 pair of gloves for 231 gold pieces
 14474 | D:9      | Bought a potion of might for 56 gold pieces
 14604 | D:10     | Entered Level 10 of the Dungeon
 14954 | D:11     | Noticed Erolcha
 14980 | D:11     | Killed Erolcha
 14980 | D:11     | Gained mutation: You can fly continuously. [Tengu growth]
 14980 | D:11     | Reached XP level 14. HP: 77/92 MP: 20/22
 15162 | D:11     | Reached skill level 10 in Invocations
 15214 | D:11     | Noticed tsouns's ghost (journeyman OgWz)
 15231 | D:11     | Found a staircase to the Orcish Mines.
 15523 | D:10     | Reached skill level 4 in Armour
 15528 | D:10     | Reached skill level 9 in Fighting
 15535 | D:10     | Noticed Psyche
 15540 | D:10     | Killed Psyche
 15780 | D:10     | Reached skill level 5 in Armour
 15869 | Orc:1    | Entered Level 1 of the Orcish Mines
 15913 | Orc:1    | Found a roughly hewn altar of Beogh.
 15969 | Orc:1    | Noticed Fannar
 16039 | Orc:1    | Found Amugoil's Magic Scroll Shoppe.
 16047 | Orc:1    | Bought a scroll of blinking for 127 gold pieces
 16047 | Orc:1    | Bought a scroll of enchant weapon for 127 gold pieces
 16047 | Orc:1    | Bought a scroll of teleportation for 51 gold pieces
 16195 | Orc:1    | Killed Fannar
 16195 | Orc:1    | Reached skill level 10 in Dodging
 16245 | Orc:2    | Entered Level 2 of the Orcish Mines
 16331 | Orc:2    | Noticed Maurice
 16391 | Orc:2    | Killed Maurice
 16550 | Orc:2    | Reached ****** piety under Lugonu
 16597 | Orc:2    | Found a staircase to the Elven Halls.
 16816 | Orc:2    | Reached skill level 6 in Armour
 16936 | Orc:2    | Noticed Snorg
 16944 | Orc:2    | Found a shimmering altar of Xom.
 16951 | Orc:2    | Killed Snorg
 17366 | Orc:2    | Reached skill level 7 in Armour
 17569 | Orc:2    | Found Yjug Fel's Antique Weapon Emporium.
 17569 | Orc:2    | Found Tufistri's Antique Armour Shop.
 17576 | Orc:2    | Found Casis's Antique Weapon Shop.
 17576 | Orc:2    | Found Uddemn's Distillery.
 17593 | Orc:2    | Bought a pair of distressingly furry gloves for 304 gold pieces
 17595 | Orc:2    | Bought a transparent long sword for 229 gold pieces
 17606 | Orc:2    | Identified the +2 pair of gloves "Xoti" {*Corrode *Slow Dex+10 Stlth+} (You bought it in a shop on level 2 of the Orcish Mines)
 17609 | Orc:2    | Identified the cursed +1 long sword of Desertification {venom, rElec} (You bought it in a shop on level 2 of the Orcish Mines)
 17625 | Orc:2    | Bought a potion of curing for 45 gold pieces
 17625 | Orc:2    | Bought a potion of curing for 45 gold pieces
 17625 | Orc:2    | Bought a potion of curing for 45 gold pieces
 17625 | Orc:2    | Bought a potion of agility for 60 gold pieces
 17625 | Orc:2    | Bought a potion of heal wounds for 75 gold pieces
 17625 | Orc:2    | Bought a potion of agility for 60 gold pieces
 17626 | Orc:2    | Identified a +0 rod of ignition (11/11) (You found it on level 10 of the Dungeon)
 17627 | Orc:2    | Identified a -2 rod of ignition (13/13) (You found it on level 10 of the Dungeon)
 17737 | Elf:1    | Entered Level 1 of the Elven Halls
 17827 | Elf:1    | Reached skill level 8 in Armour
 17888 | Elf:1    | Noticed a deep elf demonologist
 17899 | Elf:1    | Noticed a lorocyproca
 17902 | Elf:1    | Noticed a Brimstone Fiend
 17905 | Elf:1    | Killed a deep elf demonologist
 17905 | Elf:1    | Reached XP level 15. HP: 62/101 MP: 23/23
 17931 | Elf:1    | Reached skill level 10 in Fighting
 17992 | Elf:1    | Found Cuena's Weapon Boutique.
 18135 | Elf:1    | Got a smoking war axe
 18141 | Elf:1    | Identified the +11 war axe "Keopoe" {chop, rF- MP+9 Dex+6} (You found it on level 1 of the Elven Halls)
 18210 | Elf:1    | Reached skill level 1 in Shields
 18285 | Elf:1    | Reached skill level 2 in Shields
 18525 | Elf:1    | Reached skill level 3 in Shields
 18547 | Elf:1    | Reached skill level 4 in Shields
 18819 | Elf:1    | Reached skill level 11 in Dodging
 19121 | Elf:1    | Reached skill level 9 in Armour
 19121 | Elf:1    | Reached skill level 11 in Invocations
 19232 | Elf:2    | Found a flickering gateway to a bazaar.
 19465 | Abyss:1  | Gained mutation: You occasionally shout uncontrollably at your foes. [a neqoxec]
 19494 | Elf:2    | Escaped the Abyss
 19517 | Bazaar   | Entered a bazaar
 19518 | Bazaar   | Found Jisor's Distillery.
 19518 | Bazaar   | Found Liaph's Assorted Antiques.
 19519 | Bazaar   | Found Qoryng's Food Emporium.
 19523 | Bazaar   | Found Imun's Weapon Emporium.
 19562 | Bazaar   | Bought a scroll labeled YXOLEF KIXOUMU for 31 gold pieces
 19590 | Bazaar   | Bought a potion of curing for 33 gold pieces
 19590 | Bazaar   | Bought a potion of curing for 33 gold pieces
 19590 | Bazaar   | Bought a potion of haste for 110 gold pieces
 19605 | Bazaar   | Bought a triangular zirconium amulet for 155 gold pieces
 19631 | Bazaar   | Bought a potion of haste for 110 gold pieces
 19707 | Elf:2    | Found a runed gate.
 19707 | Elf:2    | Found a runed gate.
 19925 | Elf:2    | Noticed a deep elf sorcerer
 20003 | Elf:2    | Cast into level 3 of the Abyss (a deep elf sorcerer)
 20034 | Abyss:3  | Got a dazzling short sword
 20072 | Abyss:3  | Got a bloodstained leather armour
 20085 | Abyss:3  | Identified the +6 leather armour "Coune" {Regen+ Dex-3 Slay-5 Stlth+} (You found it on level 3 of the Abyss)
 20085 | Abyss:3  | Identified the +7 short sword "Kev Vovu" {venom, SInv} (You found it on level 3 of the Abyss)
 20116 | Abyss:3  | Found a corrupted altar of Lugonu.
 20163 | Elf:2    | Escaped the Abyss
 20170 | Elf:2    | Killed a deep elf sorcerer
 20184 | Elf:2    | Reached skill level 11 in Fighting
 20184 | Elf:2    | Reached skill level 12 in Dodging
 20326 | Elf:3    | Entered Level 3 of the Elven Halls
 20360 | Elf:3    | Reached XP level 16. HP: 80/110 MP: 25/25
 20475 | Elf:3    | Reached skill level 10 in Armour
 20611 | Elf:3    | Noticed a deep elf blademaster
 20611 | Elf:3    | Noticed a deep elf master archer
 20611 | Elf:3    | Corrupted Elf:3
 20612 | Elf:3    | Noticed a bone dragon
 20613 | Elf:3    | Noticed a tentacled starspawn
 20614 | Elf:3    | Killed a deep elf master archer
 20616 | Elf:3    | Killed a deep elf blademaster
 20621 | Elf:3    | Noticed a tentacled starspawn
 20648 | Elf:3    | Killed a deep elf master archer
 20658 | Elf:3    | Killed a deep elf blademaster
 20666 | Elf:3    | Killed Amnesiac's ghost
 20969 | Elf:3    | Got a vibrating jade ring
 20971 | Elf:3    | Got an encrusted scimitar
 20979 | Elf:3    | Identified the ring of Xom's Capriciousness {Wiz Stlth+} (You found it on level 3 of the Elven Halls)
 20989 | Elf:3    | Got an encrusted great sword
 20995 | Elf:3    | Identified the +9 great sword of Defence {slice, SInv} (You found it on level 3 of the Elven Halls)
 20996 | Elf:3    | Identified the +8 scimitar "Beicuma" {speed, *Rage Dex+4} (You found it on level 3 of the Elven Halls)
 20997 | Elf:3    | Identified Woucowk's Reference Book on Translocation and the Rocks
 21005 | Elf:3    | Learned a level 2 spell: Sublimation of Blood
 21007 | Elf:3    | Learned a level 1 spell: Apportation
 21014 | Elf:3    | Learned a level 4 spell: Airstrike
 21120 | Elf:3    | Identified a +1 rod of ignition (11/11) (You found it on level 3 of the Elven Halls)
 21819 | D:12     | Learned a level 3 spell: Regeneration
 21872 | D:12     | Reached skill level 1 in Necromancy
 21949 | D:12     | Found a burning altar of Makhleb.
 22004 | D:12     | Reached skill level 1 in Charms
 22109 | D:11     | Killed tsouns's ghost
 22109 | D:11     | Reached skill level 2 in Necromancy
 22439 | Swamp:1  | Entered Level 1 of the Swamp
 22486 | Swamp:1  | Reached skill level 2 in Charms
 22489 | Swamp:1  | Reached skill level 3 in Necromancy
 22570 | Swamp:1  | Noticed a thorn hunter
 22592 | Swamp:1  | Killed a thorn hunter
 22751 | Swamp:2  | Reached skill level 4 in Necromancy
 22760 | Swamp:2  | Reached skill level 3 in Charms
 22827 | Swamp:2  | Got an ichor-stained rapier
 22828 | Swamp:2  | Identified the +6 rapier of Yredelemnul's Delight {drain, rElec rC- rN+} (You found it on level 2 of the Swamp)
 23084 | Swamp:1  | Reached skill level 5 in Necromancy
 23479 | Swamp:4  | Entered Level 4 of the Swamp
 23489 | Swamp:3  | Reached skill level 4 in Charms
 23590 | Swamp:4  | Reached skill level 6 in Necromancy
 23863 | Swamp:4  | Reached skill level 5 in Charms
 23863 | Swamp:4  | Reached skill level 7 in Necromancy
 23894 | Swamp:4  | Noticed a thorn hunter
 23962 | Swamp:4  | Killed a thorn hunter
 23962 | Swamp:4  | Reached skill level 1 in Spellcasting
 23964 | Swamp:4  | the six-headed hydra is devoured by a tear in reality.
 24074 | Swamp:4  | Reached XP level 17. HP: 100/114 MP: 15/26
 24076 | Swamp:4  | the ghost crab is devoured by a tear in reality.
 24222 | Swamp:4  | Reached skill level 7 in Air Magic
 24231 | Swamp:4  | Reached skill level 2 in Spellcasting
 24327 | Swamp:4  | Reached skill level 3 in Spellcasting
 24327 | Swamp:4  | Reached skill level 8 in Necromancy
 24401 | Swamp:4  | Reached skill level 8 in Air Magic
 24476 | Swamp:4  | Got a decaying rune of Zot
 24750 | Swamp:1  | Reached skill level 5 in Stealth
 24880 | Swamp:1  | Reached skill level 4 in Spellcasting
 24899 | Swamp:1  | Reached skill level 1 in Translocations
 24956 | Swamp:1  | Gained mutation: You are partially covered in iridescent scales. (AC +2) [potion of beneficial mutation]
 25124 | Spider:1 | Entered Level 1 of the Spider Nest
 25530 | Spider:2 | Reached skill level 2 in Translocations
 25533 | Spider:2 | Noticed Jorgrun
 25657 | Spider:2 | Reached skill level 6 in Stealth
 25694 | Spider:2 | Reached skill level 5 in Spellcasting
 25823 | Spider:2 | Reached skill level 3 in Translocations
 25886 | Spider:2 | the demonic crawler is devoured by a tear in reality.
 26121 | Spider:3 | the jumping spider is devoured by a tear in reality.
 26182 | Spider:2 | the redback is devoured by a tear in reality.
 26193 | Spider:2 | the torpor snail is devoured by a tear in reality.
 26195 | Spider:2 | Reached skill level 7 in Stealth
 26237 | Spider:3 | Reached skill level 4 in Translocations
 26258 | Spider:3 | the demonic crawler is devoured by a tear in reality.
 26549 | Spider:3 | Reached skill level 5 in Translocations
 26748 | Spider:3 | Noticed Arachne
 26785 | Spider:3 | Killed Arachne
 26785 | Spider:3 | Reached skill level 6 in Translocations
 26785 | Spider:3 | Reached XP level 18. HP: 94/121 MP: 27/27
 26915 | Spider:2 | Killed Jorgrun
 26915 | Spider:2 | Reached skill level 5 in Shields
 27145 | Spider:2 | Reached skill level 6 in Shields
 27299 | Spider:4 | Entered Level 4 of the Spider Nest
 27402 | Spider:4 | Reached skill level 7 in Shields
 27464 | Spider:3 | the entropy weaver is devoured by a tear in reality.
 27673 | Spider:4 | Reached skill level 8 in Shields
 27956 | Spider:4 | the entropy weaver is devoured by a tear in reality.
 28025 | Spider:4 | Reached skill level 9 in Shields
 28299 | Spider:4 | the entropy weaver is devoured by a tear in reality.
 28429 | Spider:4 | Reached skill level 10 in Shields
 28640 | Spider:4 | Got a gossamer rune of Zot
 28720 | Spider:4 | Reached skill level 11 in Shields
 29218 | D:10     | You are sucked into a shaft for 3 floors!
 29325 | D:14     | Found a snail-covered altar of Cheibriados.
 29778 | D:14     | Reached skill level 12 in Shields
 29910 | D:14     | Found a portal to a secret trove of treasure.
 30193 | Orc:2    | Bought a potion of resistance for 150 gold pieces
 30390 | D:14     | You paid a toll of 4 potions of resistance to enter a treasure trove
 30391 | Trove    | Entered a treasure trove
 30498 | Trove    | Gained mutation: You are partially covered in icy blue scales. (AC +2) [potion of beneficial mutation]
 30638 | D:14     | Found a glowing silver altar of Zin.
 30651 | D:14     | Reached XP level 19. HP: 124/126 MP: 28/28
 30817 | D:14     | Found a gate to the Vaults.
 31034 | D:14     | Reached skill level 13 in Shields
 31066 | D:15     | Entered Level 15 of the Dungeon
 31103 | D:15     | Found a labyrinth entrance.
 31110 | D:15     | Found a sparkling altar of Nemelex Xobeh.
 31120 | Lab      | Entered a labyrinth
 31238 | Lab      | Identified a +6 rod of shadows (9/9) (You found it in a labyrinth)
 31241 | Lab      | Got an ancient jade ring
 31243 | Lab      | Identified the ring of Luuppiug {*Tele +Inv rElec rC++ Str-4} (You found it in a labyrinth)
 31601 | D:15     | Found a staircase to the Depths.
 31965 | Vaults:1 | Entered Level 1 of the Vaults
 32155 | Vaults:1 | Reached skill level 14 in Shields
 32800 | Vaults:1 | Reached skill level 15 in Shields
 33034 | Vaults:1 | Reached skill level 11 in Armour
 33499 | Vaults:2 | Found a staircase to the Crypt.
 33553 | Vaults:2 | Reached skill level 12 in Armour
 33691 | Vaults:2 | Reached XP level 20. HP: 103/132 MP: 29/29
 33698 | Vaults:2 | the deep troll is devoured by a tear in reality.
 34030 | Vaults:2 | Reached skill level 13 in Armour
 34184 | Vaults:3 | Reached skill level 6 in Charms
 34486 | Vaults:3 | Reached skill level 9 in Necromancy
 34739 | Vaults:3 | Reached skill level 7 in Charms
 35189 | Vaults:3 | Got a fine plate armour
 35214 | Vaults:3 | Reached skill level 10 in Necromancy
 35234 | Vaults:3 | Reached skill level 1 in Evocations
 35319 | Vaults:3 | Reached skill level 2 in Evocations
 35352 | Vaults:3 | Reached skill level 3 in Evocations
 35441 | Vaults:3 | Reached skill level 4 in Evocations
 35683 | Vaults:4 | Reached skill level 5 in Evocations
 35773 | Vaults:3 | Reached skill level 6 in Evocations
 35977 | Vaults:4 | Reached skill level 7 in Evocations
 36252 | Vaults:4 | the vault warden is devoured by a tear in reality.
 36264 | Vaults:4 | the yaktaur is devoured by a tear in reality.
 36264 | Vaults:4 | Reached skill level 8 in Evocations
 36276 | Vaults:4 | the death knight is devoured by a tear in reality.
 36367 | Vaults:4 | the storm dragon is devoured by a tear in reality.
 36369 | Vaults:4 | Reached XP level 21. HP: 84/137 MP: 27/30
 37263 | Vaults:2 | Upgraded the game from 0.19-a0-1889-g9c603be to 0.19-a0-1895-g783e625
 37309 | Crypt:1  | Entered Level 1 of the Crypt
 37370 | Vaults:2 | Reached skill level 12 in Fighting
 37370 | Vaults:2 | Reached skill level 12 in Invocations
 37516 | Vaults:2 | Reached skill level 13 in Dodging
 37622 | Crypt:1  | Noticed Saint Roka
 37646 | Vaults:2 | Reached skill level 14 in Armour
 37924 | Crypt:1  | Killed Saint Roka
 38110 | Crypt:1  | Noticed Frederick
 38140 | Crypt:1  | Noticed Bai Suzhen
 38154 | Crypt:1  | Killed Bai Suzhen
 38159 | Crypt:1  | Killed Frederick
 38345 | Crypt:2  | Reached skill level 6 in Spellcasting
 38456 | Crypt:3  | Entered Level 3 of the Crypt
 39260 | Crypt:3  | Found a staircase to the Tomb.
 39351 | Crypt:3  | Reached skill level 15 in Long Blades
 39351 | Crypt:3  | Reached XP level 22. HP: 95/143 MP: 32/32
 40026 | Crypt:3  | Found a basalt altar of Yredelemnul.
 40371 | Crypt:3  | Reached skill level 7 in Spellcasting
 40437 | Crypt:3  | Noticed a profane servitor
 40467 | Crypt:3  | Killed a profane servitor
 40502 | Crypt:3  | Reached skill level 13 in Fighting
 40504 | Crypt:3  | Got a pitted steel ring
 40505 | Crypt:3  | Got a warped triple sword {drain}
 40507 | Crypt:3  | Identified the Papyrus of the Louse
 40514 | Crypt:3  | Identified the +11 triple sword "Melusol" {drain, Str+5} (You took it off a skeletal warrior on level 3 of the Crypt)
 40516 | Crypt:3  | Identified the ring "Vyiv" {+Fly rN+ Str+4 Dex+6} (You took it off a skeletal warrior on level 3 of the Crypt)
 40543 | Crypt:3  | Got a heavily runed steel ring
 40545 | Crypt:3  | Identified the ring "Nymakima" {*Drain rC+ rN+ Str+3 Dex+3} (You took it off a death knight on level 3 of the Crypt)
 40598 | Crypt:2  | Reached skill level 14 in Dodging
 40738 | Crypt:1  | Noticed Mara
 40958 | Depths:1 | Entered Level 1 of the Depths
 41278 | Depths:1 | Reached skill level 15 in Dodging
 41447 | Depths:1 | Noticed Asterion
 41463 | Depths:2 | Found a flickering gateway to a bazaar.
 41480 | Bazaar   | Entered a bazaar
 41487 | Bazaar   | Found Sekh's Antique Weapon Shoppe.
 41498 | Bazaar   | Found Erghol's Antique Weapon Emporium.
 41513 | Bazaar   | Found Aququ's Antique Armour Shoppe.
 41524 | Bazaar   | Found Desoatoj's Antique Armour Emporium.
 41546 | Bazaar   | Bought an ancient chain mail for 275 gold pieces
 41556 | Bazaar   | Bought a pitted scale mail for 234 gold pieces
 41566 | Bazaar   | Identified the cursed +0 chain mail of Wonder {MR+ Int+4 Dex-5 Slay+2} (You bought it in a shop in a bazaar)
 41577 | Bazaar   | Identified the +9 scale mail of Spite {rN+} (You bought it in a shop in a bazaar)
 41660 | Depths:2 | Found a magical portal.
 41677 | WizLab   | Entered Zonguldrok's Shrine
 42043 | WizLab   | Noticed an antique lich
 42062 | WizLab   | Killed an antique lich
 42174 | Depths:2 | Reached XP level 23. HP: 139/155 MP: 34/34
 42208 | Depths:2 | Found a gateway to a ziggurat.
 42218 | Depths:2 | Found a one-way gate to the infinite horrors of the Abyss.
 42419 | Depths:2 | Reached skill level 16 in Dodging
 42460 | Depths:2 | Noticed Sojobo
 42516 | Depths:2 | the tengu reaver is devoured by a tear in reality.
 42670 | Depths:2 | Reached skill level 14 in Fighting
 42809 | Depths:2 | Found a radiant altar of Vehumet.
 42809 | Depths:2 | Noticed Boris
 42864 | Depths:2 | Learned a level 5 spell: Silence
 42951 | Depths:2 | Killed Boris
 43037 | Depths:2 | Identified the Papyrus of Burning Summoning
 43305 | Depths:3 | Found a one-way gate leading to the halls of Pandemonium.
 43375 | Depths:3 | Reached skill level 17 in Dodging
 43534 | Depths:3 | Noticed a golden dragon
 43557 | Depths:3 | Killed a golden dragon
 43558 | Depths:3 | the storm dragon is devoured by a tear in reality.
 43679 | Depths:3 | Identified a +7 quick blade of distortion (a +5 quick blade corrupted by Lugonu)
 43679 | Depths:3 | Received a gift from Lugonu
 43802 | Depths:4 | Noticed the Enchantress
 43822 | Depths:3 | Reached skill level 18 in Dodging
 43923 | Depths:3 | Reached skill level 15 in Fighting
 43987 | Depths:3 | the yaktaur captain is devoured by a tear in reality.
 44214 | Depths:4 | the storm dragon is devoured by a tear in reality.
 44298 | Depths:3 | Killed the Enchantress
 44300 | Depths:3 | Got faerie dragon scales
 44302 | Depths:3 | Identified the +7 faerie dragon scales {*Contam Str+5 Dex+7} (You took it off the Enchantress on level 3 of the Depths)
 44357 | Depths:4 | Reached XP level 24. HP: 153/166 MP: 34/34
 44492 | Depths:4 | Noticed a juggernaut
 44544 | Depths:4 | Reached skill level 19 in Dodging
 44566 | Depths:4 | the juggernaut is devoured by a tear in reality.
 44566 | Depths:4 | Banished a juggernaut
 44576 | Depths:4 | the storm dragon zombie is devoured by a tear in reality.
 44624 | Depths:5 | Entered Level 5 of the Depths
 44871 | Depths:3 | Found a gateway to Hell.
 45108 | Depths:4 | Reached skill level 16 in Fighting
 45127 | Depths:4 | Reached skill level 20 in Dodging
 45133 | Depths:4 | the titan is devoured by a tear in reality.
 45467 | Depths:4 | Got a bound copper amulet
 45468 | Depths:4 | Identified the amulet of Leinoxzo {Gourm rElec Str-2 Int+10 SInv} (You took it off a deep elf demonologist on level 4 of the Depths)
 45567 | Depths:4 | Reached skill level 15 in Armour
 45697 | Depths:4 | Got a steaming bone ring
 45698 | Depths:4 | Identified the ring "Zith" {*Corrode rElec rN+ EV+1 Str+8} (You found it on level 4 of the Depths)
 45875 | Depths:4 | Reached skill level 1 in Hexes
 45875 | Depths:4 | Reached skill level 9 in Air Magic
 46094 | Depths:5 | Reached skill level 2 in Hexes
 46108 | Depths:5 | Reached skill level 10 in Air Magic
 46108 | Depths:5 | Reached XP level 25. HP: 130/174 MP: 34/34
 46274 | Depths:5 | Learned a level 4 spell: Airstrike
 46281 | Depths:5 | Learned a level 6 spell: Deflect Missiles
 46291 | Depths:5 | Learned a level 9 spell: Tornado
 46330 | Depths:5 | Reached skill level 11 in Air Magic
 46355 | Depths:5 | Noticed Jory
 46431 | Depths:5 | Killed Jory
 46564 | Depths:5 | Reached skill level 12 in Air Magic
 46599 | Depths:5 | Reached skill level 8 in Spellcasting
 46878 | Depths:5 | Reached skill level 13 in Air Magic
 46881 | Depths:5 | Found a gate to the Realm of Zot.
 47106 | Zig:1    | Entered Level 1 of a ziggurat
 47130 | Zig:2    | Entered Level 2 of a ziggurat
 47131 | Zig:2    | Noticed Goezayk the pandemonium lord
 47145 | Zig:2    | Killed Goezayk the pandemonium lord
 47145 | Zig:2    | Reached skill level 14 in Air Magic
 47150 | Zig:2    | Identified the Collected Works on Glacial Stolen Souls
 47157 | Zig:2    | Learned a level 5 spell: Agony
 47164 | Zig:3    | Entered Level 3 of a ziggurat
 47165 | Zig:3    | Noticed a greater mummy
 47192 | Zig:3    | Killed a greater mummy
 47194 | Zig:3    | Identified the Grimoire of Boosting Translocation
 47281 | Zig:4    | Entered Level 4 of a ziggurat
 47344 | Zig:5    | Entered Level 5 of a ziggurat
 47373 | Zig:5    | Reached skill level 9 in Spellcasting
 47398 | Zig:5    | Identified the Papyrus of Cold and Attacks
 47405 | Zig:5    | Identified Hygoseam's Incunabulum of Flamy Poisoning
 47429 | Zig:6    | Entered Level 6 of a ziggurat
 47436 | Zig:6    | Noticed a juggernaut
 47440 | Zig:6    | Noticed a juggernaut
 47440 | Zig:6    | Noticed a juggernaut
 47450 | Zig:6    | Killed a juggernaut
 47459 | Zig:6    | Killed a juggernaut
 47459 | Zig:6    | Reached skill level 10 in Spellcasting
 47467 | Zig:6    | Killed a juggernaut
 47499 | Zig:6    | Learned a level 3 spell: Lesser Beckoning
 47541 | Zig:7    | Entered Level 7 of a ziggurat
 47543 | Zig:7    | Noticed Useul the pandemonium lord
 47543 | Zig:7    | Noticed Eqageo the pandemonium lord
 47566 | Zig:7    | Noticed a Killer Klown
 47590 | Zig:7    | Killed Eqageo the pandemonium lord
 47594 | Zig:7    | Killed Useul the pandemonium lord
 47594 | Zig:7    | Reached skill level 11 in Spellcasting
 47615 | Zig:7    | Identified the ring "Duptuid" {*Drain rN+ MP+9 Str+2} (You found it on level 7 of a ziggurat)
 47622 | Zig:8    | Entered Level 8 of a ziggurat
 47628 | Zig:8    | Noticed a greater mummy
 47641 | Zig:8    | Killed a greater mummy
 47646 | Zig:8    | Reached skill level 15 in Air Magic
 47685 | Zig:8    | Reached XP level 26. HP: 110/180 MP: 34/39
 47703 | Zig:8    | Learned a level 4 spell: Passage of Golubria
 47704 | Zig:8    | Reached skill level 16 in Air Magic
 47704 | Zig:8    | Reached XP level 27. HP: 120/185 MP: 38/39
 47756 | Zig:9    | Entered Level 9 of a ziggurat
 47839 | Zig:9    | Reached skill level 17 in Air Magic
 47886 | Zig:9    | Identified the Tome of Transformation
 47892 | Zig:9    | Learned a level 2 spell: Passwall
 47954 | Zig:10   | Entered Level 10 of a ziggurat
 48122 | Zig:11   | Entered Level 11 of a ziggurat
 48168 | Zig:11   | Reached skill level 18 in Air Magic
 48340 | Zig:11   | Identified the Guide on Displaced Malediction
 48351 | Zig:11   | Learned a level 1 spell: Summon Butterflies
 48361 | Zig:12   | Entered Level 12 of a ziggurat
 48389 | Zig:12   | the purple draconian is devoured by a tear in reality.
 48401 | Zig:12   | the black draconian scorcher is devoured by a tear in reality.
 48401 | Zig:12   | Reached skill level 19 in Air Magic
 48506 | Zig:13   | Entered Level 13 of a ziggurat
 48583 | Zig:13   | Noticed Myefog the pandemonium lord
 48583 | Zig:13   | Noticed Qodiplah the pandemonium lord
 48584 | Zig:13   | Noticed Laixyipa the pandemonium lord
 48586 | Zig:13   | Noticed Bobemp the pandemonium lord
 48620 | Zig:13   | Killed Bobemp the pandemonium lord
 48620 | Zig:13   | Reached skill level 20 in Air Magic
 48638 | Zig:13   | Noticed Vobrim the pandemonium lord
 48663 | Zig:13   | Corrupted Zig:13
 48665 | Zig:13   | Paralysed by a floating eye for 2 turns
 48668 | Zig:13   | Killed Laixyipa the pandemonium lord
 48670 | Zig:13   | Killed Qodiplah the pandemonium lord
 48682 | Zig:13   | Killed Myefog the pandemonium lord
 48685 | Zig:13   | Killed Vobrim the pandemonium lord
 48732 | Zig:13   | Upgraded the game from 0.19-a0-1895-g783e625 to 0.19-a0-1899-g2d93087
 48777 | Depths:2 | Killed Sojobo
 48923 | Depths:1 | Identified the +5 leather armour of the Thinker {Str+4} (You found it on level 1 of the Depths)
 49050 | Pan      | Entered Pandemonium
 49141 | Pan      | Reached skill level 21 in Air Magic
 49385 | Pan      | Noticed Ochum the pandemonium lord
 49448 | Pan      | Found an exit through the horrors of the Abyss.
 49530 | Pan      | Reached skill level 22 in Air Magic
 49854 | Pan      | Found an exit through the horrors of the Abyss.
 49875 | Pan      | Found an exit through the horrors of the Abyss.
 50065 | Pan      | Gained mutation: You are partially covered in thin metallic scales. (AC +2) [a cacodemon]
 50071 | Pan      | Reached skill level 23 in Air Magic
 50161 | Pan      | Found an exit through the horrors of the Abyss.
 50226 | Pan      | Noticed Pockuew the pandemonium lord
 50437 | Pan      | Noticed Pomn the pandemonium lord
 50588 | Pan      | the gelid warmonger is devoured by a tear in reality.
 50637 | Pan      | Found an exit through the horrors of the Abyss.
 50722 | Pan      | Reached skill level 24 in Air Magic
 50792 | Pan      | Noticed Kuephuy the pandemonium lord
 50793 | Pan      | the hellion is devoured by a tear in reality.
 50843 | Pan      | the gelid corrupter is devoured by a tear in reality.
 50890 | Pan      | the infernal warmonger is devoured by a tear in reality.
 50894 | Pan      | the monstrous corrupter is devoured by a tear in reality.
 50942 | Pan      | Killed Kuephuy the pandemonium lord
 51121 | Pan      | Found an exit through the horrors of the Abyss.
 51193 | Pan      | Found an exit through the horrors of the Abyss.
 51255 | Pan      | Entered the realm of Cerebov.
 51388 | Pan      | Found an exit through the horrors of the Abyss.
 51430 | Pan      | Identified a scroll of acquirement
 51444 | Pan      | Identified the +1 pair of gloves of the Shore {*Drain Int+7} (You acquired it in Pandemonium)
 51470 | Pan      | the infernal warmonger is devoured by a tear in reality.
 51477 | Pan      | the infernal warmonger is devoured by a tear in reality.
 51508 | Pan      | Reached skill level 25 in Air Magic
 51808 | Pan      | Noticed Cerebov
 51888 | Pan      | Lost mutation: You are robust. (+10% HP) [a cacodemon]
 51924 | Pan      | Corrupted Pan
 51932 | Pan      | the spatial maelstrom is devoured by a tear in reality.
 51935 | Pan      | Got a fiery rune of Zot
 51963 | Pan      | Killed Cerebov
 52109 | Pan      | Identified the Compendium of Mutagenic Evil Rites
 52424 | Pan      | Found an exit through the horrors of the Abyss.
 52443 | Pan      | Noticed Wiunuwy the pandemonium lord
 52448 | Pan      | Reached skill level 16 in Long Blades
 52464 | Pan      | the torturous corrupter is devoured by a tear in reality.
 52474 | Pan      | Killed Wiunuwy the pandemonium lord
 52518 | Pan      | Gained mutation: Your spells are a little easier to cast, but a little less powerful. [a cacodemon]
 52531 | Pan      | Lost mutation: You are partially covered in thin metallic scales. (AC +2) [potion of cure mutation]
 52531 | Pan      | Lost mutation: You can translocate small distances at will. [potion of cure mutation]
 52531 | Pan      | Lost mutation: You occasionally shout uncontrollably at your foes. [potion of cure mutation]
 52531 | Pan      | Lost mutation: Your spells are a little easier to cast, but a little less powerful. [potion of cure mutation]
 52716 | Pan      | Entered the realm of Mnoleg.
 52740 | Pan      | Gained mutation: Your magical capacity is low. (-10% MP) [a cacodemon]
 52904 | Pan      | Gained mutation: You are partially covered in yellow scales. (AC +2) [a cacodemon]
 52995 | Pan      | Reached skill level 17 in Long Blades
 53060 | Pan      | the monstrous corrupter is devoured by a tear in reality.
 53095 | Pan      | Noticed Mnoleg
 53107 | Pan      | Gained mutation: You expend magic power (3 MP) to strengthen your wands. [a cacodemon]
 53118 | Pan      | Paralysed by a floating eye for 4 turns
 53132 | Pan      | Paralysed by a floating eye for 4 turns
 53135 | Pan      | HP: 10/169 [tentacled monstrosity[Mnoleg] (13)]
 53135 | Pan      | HP: 1/169 [tentacled monstrosity[Mnoleg] (9)]
 53135 | Pan      | Slain by a great orb of eyes

Vault maps used:
D:1:      dpeg_arrival_court, minivault_19, nrook_loot_triangle, fountainhead
D:2:      minmay_diamond_boxcup, lemuel_crystal_altar,
          nicolae_overflow_hidden_temple, first_bread, ecumenical_altar_2,
          minmay_randomly_rotated_circles
D:3:      elyvilon_altar_1, chequers_temple_overflow_minitemple,
          minmay_misc_feat_doors, st_stairs_10, nicolae_dithmenos_shadow_blocks,
          uniq_grinder
D:4:      minivault_26
D:5:      kennysheep_mini_moat, basic_altar
D:6:      xom_redecorated, moated_statue, uniq_pikel, uniq_blork_the_orc
D:7:      lemuel_crystal_altar, uniq_joseph, uniq_prince_ribbit1
D:8:      david_lair_shrubbed, the_bakery, kennysheep_pointless_box, hex_tiny,
          grunt_ministairs_7, nicolae_ru_awakened_eye, uniq_gastronok,
          uniq_erica
D:9:      old_standard_altar, serial_shops, shop
D:10:     minmay_firetagon, kennysheep_potato, uniq_psyche
D:11:     minmay_orc_entry_guard_dogs, grunt_ministairs_4, uniq_erolcha
D:12:     makhleb_altar_promises_db
D:14:     grunt_vaults_entry_tiered, zin_angel, basic_altar, enter_trove_5
D:15:     gammafunk_enter_depths_forms, nemelex_xobeh_ov_fountains_minmay,
          lab_entry_generic, corexii_hall_statues_u
Lair:1:   enter_volcano_2, portal_ice_cave_rime
Lair:2:   lemuel_slime, swamp_mist, spider_nest_entry_webs,
          cheibrodos_lair_reptile_den
Lair:3:   ldierk_geyser, minivault_26
Lair:5:   minmay_slime_entry_pillars
Lair:6:   guppyfry_lair_end_dragon, wormcave, uniq_rupert
Swamp:1:  serial_swamp_ruin, evilmike_swamp_ruin_wall,
          evilmike_swamp_ruin_house_6, evilmike_swamp_ruin_house_3
Swamp:2:  evilmike_swamp_ruin_rubble_1
Swamp:3:  evilmike_swamp_ruin_house_5, swamp_pool2
Swamp:4:  swamp_basic_johnstein
Spider:2: spider_trap, nicolae_spider_cling_ruins, uniq_jorgrun
Spider:3: spider_trap, uniq_arachne
Spider:4: spider_rune_water
Orc:1:    serial_shops, nicolae_shop_trees, basic_altar, uniq_fannar
Orc:2:    grunt_orc_tribal_feast, special_room, basic_altar, uniq_snorg,
          uniq_maurice
Elf:1:    minmay_elf_arrival_summoners, serial_shops, shop,
          hangedman_elf_represent
Elf:2:    serial_shops, bzr_entry_water, nicolae_elf_big_sculpture_3, uniq_aizul
Elf:3:    grunt_elf_hall_branching
Vaults:1: nicolae_vaults_halls_meeting, hangedman_vaults_river_flow,
          vaults_dpeg_diagonal, ontoclasm_vaults_ring_square,
          vaults_room_semicircle, v_misc_18, vaults_mumra_hex,
          dpeg_vaults_monster_box, nicolae_vaults_little_ls,
          ontoclasm_vaults_eye
Vaults:2: ontoclasm_vaults_ring_small, blue_anna_dwarven_crypt,
          vaults_dpeg_spiral, vaults_standard_mumra_lines, vaults_dpeg_hooks
Vaults:3: nicolae_vaults_network_barrier, nicolae_vaults_ring_of_whatevers,
          nicolae_vaults_ninety_degrees, v_misc_1, v_misc_5, v_misc_14,
          nicolae_vaults_network_square, vaults_standard_mumra_x, v_misc_23,
          nicolae_vaults_little_squares_5
Vaults:4: nicolae_vaults_network_star, vaults_room_stairs_pillars, v_rooms_1,
          ontoclasm_vaults_idyll, hangedman_vaults_nodes,
          nicolae_vaults_minivaults, grunt_vaults_bifocal,
          nicolae_vaults_three_branches, ontoclasm_vaults_ring_large,
          grunt_vaults_trifunnel, hangedman_vaults_cutoff,
          ontoclasm_vaults_hangar, grunt_vaults_hallway_short,
          nicolae_vaults_little_squares_5, ontoclasm_vaults_loading_screen
Crypt:1:  uniq_saint_roka, uniq_frederick, uniq_mara, uniq_bai_suzhen
Crypt:2:  grunt_ministairs_3, hex_medium
Crypt:3:  evilmike_haunted_forest
Depths:1: grunt_pan_entry_zigzag, nicolae_wwwww, serial_bayou,
          serial_bayou_lagoon_a, serial_bayou_lake_a, serial_bayou_pond_b,
          serial_bayou_pond_c, hangedman_geh_valley,
          minmay_misc_feat_nine_boxes, grunt_ministairs_3,
          kennysheep_four_rooms, uniq_asterion
Depths:2: evilmike_halls_of_destruction, enter_ziggurat_b,
          hangedman_abyss_or_decor_lesser_grid, abyss_entry, serial_shops,
          bzr_entry_safe, lightli_too_deep, mu_enter_wizlab_7, uniq_sojobo
Depths:3: minmay_connected_boxes_in_corner, serial_sigils_hangedman_scratch,
          pan_entry, pf_hell_entry_tar_river, serial_sigils_hangedman_scar
Depths:4: minmay_octagon_city, serial_bayou, serial_bayou_pond_c, abyss_entry,
          hell_entry, uniq_enchantress
Depths:5: evilmike_zot_entry_diamond, serial_glass, glass_columns_b,
          glass_columns_b, glass_columns_a, glass_columns_c, glass_columns_a,
          glass_columns_a, glass_columns_c, glass_columns_b, hell_entry,
          grunt_ministairs_6, minmay_misc_feat_x, bh_walls_and_bars, uniq_jory
Abyss:1:  minivault_1
Abyss:3:  evilmike_nicolae_abyss_rune_betentacled_crabyss
Pan:      rand_demon_1, nicolae_pan_lom_lobonic_3, evilmike_mini_pan_thingy,
          nicolae_pan_giant_door, nicolae_pan_glass_arcs, rand_demon_2,
          pan_blood_fountain_small, evilmike_mini_pan_T,
          pan_blood_fountain_small, lemuel_hellion_island, rand_demon_3,
          nicolae_pan_double_arrow, pan_blood_fountain_small,
          grunt_pan_in_and_out, nicolae_pan_sigil_uleosi, rand_demon_9,
          pan_blood_fountain_small, evilmike_mini_pan_other_thingy,
          evilmike_cerebov_lava, evilmike_mini_pan_doors,
          evilmike_mini_pan_doors_b, pan_blood_fountain_2,
          evilmike_mini_pan_3x3, nicolae_pan_gloorx_vloqian_3, mnoleg_grunt
Zig:5:    ziggurat_pillar_centre_dead_trees
Zig:10:   ziggurat_pillar_centre_smoke
Zig:11:   ziggurat_pillar_centre_c
Lab:      labyrinth_watery, nicolae_lab_blocks, nicolae_lab_very_dead_end
Bazaar:   bazaar_minmay_plants, bazaar_minmay_armour_weapon
Trove:    trove_alchemists_storehouse
IceCv:    ice_cave_statue_garden_teleport
Volcano:  volcano_grotto
WizLab:   wizlab_zonguldrok

Skill      XL: |  1  2  3  4  5  6  7  8  9 10 11 12 13 14 15 16 17 18 19 20 21 22 23 24 25 26 27 |
---------------+----------------------------------------------------------------------------------+-----
Stealth        | 1 2 3 4 7 |  7.0
Invocations    | 2 3 4 5 6 7 9 10 11 12 | 12.9
Dodging        | 2 3 4 5 6 7 8 9 10 12 13 15 18 20 | 20.5
Slings         | 1 2 3 4 5 8 9 10 | 10.3
Fighting       | 4 5 6 7 8 9 11 12 13 15 16 | 16.4
Armour         | 3 8 9 10 12 13 14 15 | 15.0
Air Magic      | 5 6 8 10 15 16 25 | 25.7
Long Blades    | 5 12 14 15 17 | 17.6
Shields        | 4 12 15 | 15.0
Necromancy     | 7 8 10 | 10.2
Charms         | 5 7 |  7.3
Spellcasting   | 1 5 6 7 11 | 11.1
Translocations | 6 |  6.3
Evocations     | 8 |  8.2
Hexes          | 2 |  2.9
Unarmed Combat | |  2.7

Action                   |  1- 3 |  4- 6 |  7- 9 | 10-12 | 13-15 | 16-18 | 19-21 | 22-24 | 25-27 || total
-------------------------+-------+-------+-------+-------+-------+-------+-------+-------+-------++-------
Melee: Unarmed           |    39 |       |       |       |       |       |       |       |       ||    39
       Kick              |     8 |       |       |   114 |   555 |  1153 |  1603 |  1518 |  1596 ||  6547
       Peck              |     6 |       |       |    59 |   350 |   758 |  1077 |  1023 |  1048 ||  4321
       Demon blade       |       |       |       |   208 |  1207 |  1324 |  2359 |  1587 |  1622 ||  8307
       Punch             |       |       |       |     5 |    12 |       |       |     1 |     1 ||    19
       Scimitar          |       |       |       |       |       |   495 |   234 |       |       ||   729
       Rapier            |       |       |       |       |       |   122 |    16 |       |       ||   138
       Double sword      |       |       |       |       |       |       |       |   548 |   318 ||   866
       Quick blade       |       |       |       |       |       |       |       |    98 |    57 ||   155
       Flamberge         |       |       |       |       |       |       |       |       |    98 ||    98
 Fire: Hunting sling     |    82 |   117 |   425 |   679 |   570 |   234 |       |       |       ||  2107
       Fustibalus        |       |       |       |    38 |    17 |       |       |       |       ||    55
Throw: Stone             |       |       |       |     6 |       |       |       |       |       ||     6
       Tomahawk          |       |       |       |       |    16 |     5 |       |       |       ||    21
       Throwing net      |       |       |       |       |       |       |     2 |       |       ||     2
 Cast: Repel Missiles    |       |       |     1 |     5 |     7 |     2 |     7 |     8 |       ||    30
       Regeneration      |       |       |       |       |       |    84 |    87 |    83 |   132 ||   386
       Apportation       |       |       |       |       |       |    19 |    22 |    20 |    37 ||    98
       Sublimation of Bl |       |       |       |       |       |     2 |       |       |    37 ||    39
       Airstrike         |       |       |       |       |       |     2 |     2 |       |    66 ||    70
       Agony             |       |       |       |       |       |       |       |       |     8 ||     8
       Silence           |       |       |       |       |       |       |       |       |     3 ||     3
       Deflect Missiles  |       |       |       |       |       |       |       |       |     8 ||     8
       Lesser Beckoning  |       |       |       |       |       |       |       |       |    25 ||    25
       Passage of Golubr |       |       |       |       |       |       |       |       |    15 ||    15
       Tornado           |       |       |       |       |       |       |       |       |     5 ||     5
       Summon Butterflie |       |       |       |       |       |       |       |       |     3 ||     3
       Passwall          |       |       |       |       |       |       |       |       |     2 ||     2
Invok: Depart the Abyss  |     1 |       |       |       |     2 |       |       |       |       ||     3
       Bend Space        |       |     1 |     7 |    15 |     9 |     9 |     9 |    26 |    19 ||    95
       Banish            |       |       |     2 |     3 |    12 |     7 |       |     6 |    11 ||    41
       Enter the Abyss   |       |       |       |       |     1 |       |       |       |       ||     1
       Corrupt           |       |       |       |       |       |     1 |       |       |     2 ||     3
       Brand Weapon With |       |       |       |       |       |       |       |     1 |       ||     1
 Abil: Fly               |       |     1 |    13 |    30 |    12 |       |       |     2 |     1 ||    59
       Evoke Blink       |       |       |     1 |     2 |       |       |       |       |       ||     3
       Blink             |       |       |       |       |     4 |       |       |       |       ||     4
       Stop Flying       |       |       |       |       |       |       |       |     2 |     1 ||     3
Evoke: Wand              |       |       |       |     3 |     7 |     5 |     3 |    12 |    18 ||    48
       Fan of gales      |       |       |       |       |     1 |     1 |       |       |     3 ||     5
       Sack of spiders   |       |       |       |       |       |       |     6 |     2 |     1 ||     9
       Rod               |       |       |       |       |       |       |     1 |       |       ||     1
       Phial of floods   |       |       |       |       |       |       |     2 |     2 |     5 ||     9
       Phantom mirror    |       |       |       |       |       |       |     1 |       |     4 ||     5
       Box of beasts     |       |       |       |       |       |       |       |       |     1 ||     1
  Use: Scroll            |     8 |     2 |     4 |     6 |    21 |    23 |     8 |    13 |    20 ||   105
       Potion            |       |     2 |     1 |     3 |     4 |     6 |       |     3 |    32 ||    51
 Stab: Sleeping          |       |       |       |       |     9 |    19 |     9 |    21 |     4 ||    62
       Distracted        |       |       |       |       |     1 |     6 |     2 |    19 |    13 ||    41
       Invisible         |       |       |       |       |       |    25 |       |       |    25 ||    50
       Petrified         |       |       |       |       |       |    10 |       |       |       ||    10
       Held in net/web   |       |       |       |       |       |     1 |     4 |       |       ||     5
       Confused          |       |       |       |       |       |       |       |       |     1 ||     1
       Paralysed         |       |       |       |       |       |       |       |       |     1 ||     1
  Eat: Chunk             |     1 |     3 |    11 |    27 |    32 |    26 |    33 |    17 |    23 ||   173
       Fruit             |       |       |     1 |       |       |     1 |     4 |       |       ||     6
       Royal jelly       |       |       |       |     2 |     1 |     1 |     1 |       |     3 ||     8
       Beef jerky        |       |       |       |     1 |       |     2 |       |     2 |     5 ||    10
       Pizza             |       |       |       |       |       |     2 |       |       |       ||     2
       Meat ration       |       |       |       |       |       |     2 |     1 |     5 |     2 ||    10
Armor: Leather armour    |    17 |       |    41 |    76 |    82 |   248 |       |       |       ||   464
       Ring mail         |     3 |    18 |       |       |       |       |       |       |       ||    21
       Skin              |       |     7 |    55 |       |       |       |       |       |       ||    62
       Scale mail        |       |       |       |       |    78 |    34 |       |    31 |       ||   143
       Troll leather arm |       |       |       |       |    44 |     4 |       |       |       ||    48
       Fire dragon scale |       |       |       |       |       |     1 |   412 |   188 |    14 ||   615
       Mottled dragon sc |       |       |       |       |       |       |       |    26 |   257 ||   283
Dodge: Dodged            |    44 |    30 |   116 |   376 |   670 |  1535 |  1037 |  1188 |  2075 ||  7071
       Deflected         |       |       |       |    15 |    18 |     6 |    31 |    20 |    31 ||   121
Block: Buckler           |       |       |       |       |    39 |   762 |       |    85 |  1147 ||  2033
       Reflection        |       |       |       |       |     2 |    11 |    60 |    10 |       ||    83
       Shield            |       |       |       |       |       |   114 |  1590 |  1101 |       ||  2805
       Rpst.: Demon blade |       |       |       |    47 |   151 |   202 |   211 |   156 |   280 ||  1047
       Scimitar          |       |       |       |       |       |    94 |    33 |       |       ||   127
       Double sword      |       |       |       |       |       |       |       |    58 |    52 ||   110
       Flamberge         |       |       |       |       |       |       |       |       |    21 ||    21
